 Seeded DCSS version 0.29-a0-575-g0dc89cf053 (webtiles) character file.

Game seed: 8572682691686822440 (custom seed)

30571 happo123 the Unseen (level 13, 76/76 HPs)
             Began as a Vampire Enchanter on June 12, 2022.
             Was a High Priest of Wu Jian.
             Quit the game on level 4 of the Lair of Beasts.
             The game lasted 01:01:55 (15414 turns).

happo123 the Unseen (Vampire Enchanter)            Turns: 15414, Time: 01:01:56

Health: 76/76      AC: 13    Str: 13    XL:     13   Next: 21%
Magic:  9/23       EV: 16    Int: 32    God:    Wu Jian [*****.]
Gold:   977        SH:  0    Dex: 16    Spells: 10/26 levels left

rFire   . . .      SeeInvis +   M - +4 short sword of Saqybav {vamp, Int+7}
rCold   + + .      Faith    .   f - orb {guile}
rNeg    + + +      Spirit   .   K - +2 leather armour {Will+}
rPois   ∞          Reflect  .   p - +1 helmet
rElec   .          Harm     .   b - +0 cloak
rCorr   .          Rampage  .   z - +2 pair of gloves
Will    +....                   e - +0 pair of boots
Stlth   ++++++++..              (no amulet)
HPRegen 0.00/turn               Q - +6 ring of strength
MPRegen 0.18/turn               A - ring "Jietuuve" {Will+ Int+4}

@: freezing walls, bloodless, inhibited regen
A: bloodless, fangs 3, see invisible, vampiric 2
a: Bat Form, Revivify, Renounce Religion, Wall Jump, Serpent's Lash, Heavenly
Storm


You were on level 4 of the Lair of Beasts.
You worshipped Wu Jian.
Wu Jian was extremely pleased with you.
You visited 3 branches of the dungeon, and saw 17 of its levels.
You also visited: Ossuary.

You collected 1177 gold pieces.
You spent 200 gold pieces at shops.

Inventory:

Hand Weapons
 M - the +4 short sword of Saqybav (weapon) {vamp, Int+7}
   (You bought it in a shop on level 6 of the Dungeon)

   It occasionally heals its wielder for a portion of the damage dealt when it
   wounds a living foe.
   Int:       It affects your intelligence (+7).
Missiles
 a - 5 throwing nets
Armour
 b - a +0 cloak (worn)
 e - a +0 pair of boots (worn)
 f - an orb of guile (worn)
 p - a +1 helmet (worn)
 z - a +2 pair of gloves (worn)
 K - a +2 leather armour of willpower (worn)
Magical Staves
 w - a staff of fire
 L - a staff of conjuration
Jewellery
 i - an amulet of regeneration
 A - the ring "Jietuuve" (right hand) {Will+ Int+4}
   (You found it on level 11 of the Dungeon)

   [ring of willpower]

   Int:       It affects your intelligence (+4).
   Will:      It increases your willpower.
 Q - a +6 ring of strength (left hand)
Wands
 q - a wand of polymorph (15)
 t - a wand of flame (2)
 C - a wand of paralysis (10)
 H - a wand of charming (3)
 U - a wand of digging (6)
 V - a wand of iceblast (1)
Scrolls
 d - 7 scrolls of fear {unknown}
 g - 4 scrolls of magic mapping
 j - 3 scrolls of blinking {unknown}
 k - 9 scrolls of teleportation {unknown}
 n - 2 scrolls of summoning
 s - 5 scrolls of enchant weapon
 x - a scroll of vulnerability {unknown}
 y - 3 scrolls of noise
 D - 2 scrolls of brand weapon
 E - 3 scrolls of poison
 O - 3 scrolls of fog
 R - 4 scrolls of amnesia
 S - a scroll of immolation {unknown}
 T - 2 scrolls of enchant armour {unknown}
 W - a scroll of torment {unknown}
Potions
 c - 3 potions of invisibility
 h - 4 potions of curing {unknown}
 l - 4 potions of heal wounds {unknown}
 m - a potion of resistance {unknown}
 o - 4 potions of flight
 r - 2 potions of ambrosia {unknown}
 u - a potion of lignification {unknown}
 v - a potion of degeneration {unknown}
 B - 3 potions of magic {unknown}
 G - 3 potions of haste {unknown}
 I - 2 potions of cancellation {unknown}
 J - 3 potions of attraction {unknown}
 N - 2 potions of brilliance {unknown}
 P - 4 potions of might


   Skills:
 + Level 6.6 Fighting
 + Level 8.1 Short Blades
 - Level 5.0 Armour
 + Level 8.3 Dodging
 * Level 16.3 Stealth
 + Level 7.0 Spellcasting
 * Level 15.2 Hexes
 + Level 0.7 Summonings
 + Level 0.5 Translocations
 + Level 7.2 Ice Magic
 + Level 0.9 Evocations


You had 10 spell levels left.
You knew the following spells:

 Your Spells              Type           Power      Damage    Failure   Level
a - Ensorcelled Hibernat  Hex/Ice        100%       N/A       1%          2
b - Confusing Touch       Hex            83%        N/A       1%          3
c - Tukima's Dance        Hex            83%        N/A       1%          3
d - Frozen Ramparts       Ice            100%       1d12      1%          3
e - Summon Mana Viper     Hex/Summ       58%        N/A       5%          5

Your spell library contained the following spells:

 Spells                   Type           Power      Damage    Failure   Level
 Freeze                   Ice            100%       1d11      1%          1
 Dazzling Flash           Conj/Hex       100%       N/A       1%          3
 Summon Small Mammal      Summ           64%        N/A       3%          1
 Apportation              Tloc           28%        N/A       4%          1
 Necrotize                Necr           44%        1d6       4%          1
 Blink                    Tloc           28%        N/A       6%          2
 Sublimation of Blood     Necr           11%        N/A       8%          2
 Summon Ice Beast         Ice/Summ       36%        N/A       10%         4
 Lesser Beckoning         Tloc           14%        N/A       12%         3
 Hailstorm                Conj/Ice       34%        3d9       12%         4
 Vampiric Draining        Necr           11%        2d6       16%         3
 Petrify                  Tmut/Erth      11%        N/A       45%         4
 Manifold Assault         Tloc           14%        N/A       75%         5
 Agony                    Necr           11%        N/A       80%         5
 Irradiate                Conj/Tmut      5%         3d15      80%         5
 Monstrous Menagerie      Summ           8%         N/A       100%        7


Dungeon Overview and Level Annotations

Branches:
Dungeon (12/15)            Temple (1/1) D:5            Lair (4/6) D:9
  Swamp (0/4) Lair:4       Spider (0/4) Lair:4          Orc (0/2) D:11
Ossuary (visited)

Altars:
Ashenzari
Cheibriados
Dithmenos
Elyvilon
Fedhas
Gozag
Hepliaklqana
Kikubaaqudgha
Makhleb
Nemelex Xobeh
Okawaru
Qazlal
Ru
Sif Muna
Trog
Uskayaw
Vehumet
Wu Jian
Xom
Yredelemnul
Zin
The Shining One

Shops:
D:6 (

Annotations:
D:12 Azrael, Erolcha


Innate Abilities, Weirdness & Mutations

You do not regenerate when monsters are visible.
You are frail without blood (-20% HP).
You can heal yourself when you bite living creatures.
You are immune to poison.
You have razor-sharp teeth.
You have supernaturally acute eyesight. (SInv)
You are afflicted with vampirism and can become a bat while bloodless.


Message History

Aim: a death yak (severely wounded, ally target, chance to affect: 71%)
Okay, then.
You hit the death yak but do no damage.
You bite the death yak, but do no damage.
The death yak is severely wounded.
Your mana viper bites the death yak!!
The death yak dies!
The Council accepts your kill.
The wall freezes the death yak!
The death yak gores you but does no damage.
The death yak gores your mana viper!!
You barely miss the death yak.
The death yak is heavily wounded.
Your mana viper closely misses the death yak.
You barely miss the death yak.
You bite the death yak, but do no damage.
The death yak is heavily wounded.
The death yak gores your mana viper!!
Your mana viper dies!
Your mana viper disappears in a puff of smoke!
The wall freezes the death yak.
The death yak gores you but does no damage.
You hit the death yak but do no damage.
The death yak is heavily wounded.
The wall freezes the death yak!
The death yak gores you!
You hit the death yak but do no damage.
The death yak is severely wounded.
The wall freezes the death yak.
The wall freezes the death yak!
The death yak gores you!
You barely miss the death yak.
The death yak is almost dead.
You hit the death yak.
You feel better.
The death yak is almost dead.
The wall freezes the death yak.
The death yak gores you!
* * * LOW HITPOINT WARNING * * *
The wall freezes the death yak.
The death yak gores you!
Your necklace shatters, unleashing a wave of protective dreams!
You dream of health, friendship, and clouds.
Unknown command.
Are you sure you want to abandon this character and quit the game? (Confirm with "yes".)

#.....................
#...#.......#P....PP..
####.........###.......§
##.#..........###.....≈≈≈
#.#............##.....≈≈§
###......§....# #.....≈≈#
##...##.FD>..# .....≈≈#
#P...§#§l§...# ≈≈
#....§Y@###. §≈ #.≈≈≈FY##
.. ###.≈P≈§.## .P
#...≈##≈†.# ##
###.≈≈≈≈..#
#......P######
##.......P....###
#..........<....#
##.............#


You could see 2 death yaks, a friendly seven-headed hydra (summoned), a friendly
komodo dragon (summoned), a friendly cane toad (summoned) and a friendly
bullfrog (summoned).

Vanquished Creatures
  Nessos (Lair:4)
  Harold (D:10)
  3 hydras
  A death knight (D:11)
  4 two-headed ogres
  A centaur warrior (D:11)
  A death yak (Lair:4)
  A deep elf pyromancer (D:11)
  A manticore (D:11)
  4 torpor snails (Lair:4)
  A black mamba (Lair:3)
  2 cane toads (Lair:3)
  A rime drake (Lair:4)
  A gargoyle (D:11)
  An unseen horror (D:11)
  6 komodo dragons
  3 kobold demonologists
  3 trolls
  Grinder (D:3)
  4 wyverns
  2 basilisks
  30 yaks
  3 steam dragons
  A wraith (D:10)
  Menkaure (D:4)
  2 vampire mosquitoes (D:11)
  A hell hound (D:12)
  14 water moccasins
  A meliai simulacrum (D:11)
  4 sky beasts
  4 black bears (D:9)
  12 orc warriors
  An ogre (D:7)
  4 wolves (Lair:4)
  4 centaurs
  2 phantoms
  2 gnoll sergeants
  11 bullfrogs
  3 kobold brigands
  A necrophage (D:5)
  4 scorpions
  3 killer bees (D:7)
  4 electric eels
  4 howler monkeys
  A crimson imp (D:9)
  A human zombie (Ossuary)
  12 orc priests
  A centaur zombie (Ossuary)
  6 hounds
  2 jellies (D:7)
  A gnoll shaman (D:8)
  Jessica (D:3)
  An iguana (D:4)
  10 orc wizards
  3 mummies
  19 gnolls
  8 adders
  A white imp (D:9)
  An ufetubus (D:4)
  3 worms
  4 dart slugs
  37 orcs
  8 ball pythons
  6 endoplasms
  A giant cockroach (D:2)
  3 gnoll zombies (Ossuary)
  3 goblins
  5 hobgoblins
  2 quokkas
  7 bats
  5 frilled lizards
  3 goblin zombies (Ossuary)
  4 hobgoblin zombies (Ossuary)
  26 kobolds
  2 orc zombies (Ossuary)
  8 rats
354 creatures vanquished.

Vanquished Creatures (collateral kills)
  A hydra (Lair:1)
  3 death yaks (Lair:4)
  A rime drake (Lair:3)
  2 yaks (Lair:3)
  2 wolves (Lair:4)
  An orc wizard (D:11)
  A gnoll (D:9)
  2 orcs (D:8)
13 creatures vanquished.

Vanquished Creatures (others)
  A dancing weapon (D:11)
  36 fungi
  34 plants
71 creatures vanquished.

Grand Total: 438 creatures vanquished

Notes
Turn   | Place    | Note
-------+----------+-------------------------------------------
     0 | D:1      | happo123 the Vampire Enchanter began the quest for the Orb.
     0 | D:1      | Reached XP level 1. HP: 13/13 MP: 3/3
    50 | D:1      | Found a faded altar of an unknown god.
   215 | D:1      | Reached XP level 2. HP: 19/19 MP: 5/5
   261 | D:1      | Learned a level 2 spell: Ensorcelled Hibernation
  1011 | D:2      | Reached skill level 5 in Stealth
  1115 | D:2      | Gained mutation: You are afflicted with vampirism and can
                  | become a bat while bloodless. [Vampire growth]
  1115 | D:2      | Reached XP level 3. HP: 1/20 MP: 0/6
  1207 | D:2      | Learned a level 3 spell: Confusing Touch
  1270 | D:2      | Reached skill level 5 in Hexes
  1580 | D:2      | Reached XP level 4. HP: 24/24 MP: 2/7
  2049 | D:3      | Reached skill level 1 in Fighting
  2102 | D:3      | Noticed Grinder
  2106 | D:3      | Paralysed by Grinder for 2 turns
  2115 | D:3      | Killed Grinder
  2116 | D:3      | Reached skill level 6 in Stealth
  2116 | D:3      | Reached skill level 1 in Ice Magic
  2116 | D:3      | Reached XP level 5. HP: 19/29 MP: 5/9
  2116 | D:3      | Reached XP level 6. HP: 22/34 MP: 5/10
  2464 | D:3      | Noticed Jessica
  2467 | D:3      | Killed Jessica
  2839 | D:4      | Reached skill level 7 in Stealth
  3116 | D:4      | Noticed Menkaure
  3131 | D:4      | Killed Menkaure
  3132 | D:4      | Reached XP level 7. HP: 40/40 MP: 6/11
  3384 | D:4      | Learned a level 3 spell: Tukima's Dance
  3388 | D:4      | Learned a level 3 spell: Frozen Ramparts
  3389 | D:5      | Entered Level 5 of the Dungeon
  3457 | D:5      | Found a staircase to the Ecumenical Temple.
  3466 | Temple   | Entered the Ecumenical Temple
  3469 | Temple   | Became a worshipper of the Wu Jian Council
  3753 | D:5      | Reached skill level 8 in Stealth
  4295 | D:5      | Found the dreamshard necklace {*Dream Drain}
  4573 | D:6      | Reached XP level 8. HP: 45/45 MP: 9/13
  4817 | D:6      | Reached * piety under Wu Jian
  4830 | D:6      | Found a shimmering altar of Xom.
  4919 | D:6      | Reached skill level 9 in Stealth
  4944 | D:6      | You fall into a shaft and drop 3 floors!
  4953 | D:9      | Noticed a troll
  4959 | D:9      | Killed a troll
  5055 | D:8      | Found a sand-covered staircase.
  5068 | Ossuary  | Entered an ossuary
  5487 | D:7      | Reached XP level 9. HP: 51/51 MP: 8/15
  5496 | D:7      | Reached skill level 1 in Armour
  5496 | D:7      | Reached skill level 10 in Stealth
  5948 | D:6      | Found Esesamae's Antique Weapon Shop.
  5969 | D:6      | Reached ** piety under Wu Jian
  6227 | D:7      | Reached skill level 5 in Dodging
  6378 | D:6      | Bought a bloodstained short sword for 200 gold pieces
  6378 | D:6      | Identified the +4 short sword of Saqybav {vamp, Int+7} (You
                  | bought it in a shop on level 6 of the Dungeon)
  6897 | D:7      | Reached skill level 10 in Hexes
  7113 | D:7      | Reached skill level 11 in Stealth
  7689 | D:8      | Reached skill level 5 in Short Blades
  7762 | D:8      | Reached XP level 10. HP: 56/56 MP: 13/17
  8250 | D:9      | Reached *** piety under Wu Jian
  8366 | D:9      | Reached skill level 12 in Stealth
  8368 | D:9      | Reached skill level 5 in Spellcasting
  8440 | D:9      | Found a staircase to the Lair.
  8837 | D:9      | Noticed a two-headed ogre
  8840 | D:9      | Killed a two-headed ogre
  8841 | D:9      | Reached skill level 5 in Ice Magic
  9241 | D:10     | Entered Level 10 of the Dungeon
  9477 | D:10     | Reached XP level 11. HP: 62/62 MP: 16/19
  9624 | D:10     | Noticed a two-headed ogre
  9631 | D:10     | Killed a two-headed ogre
  9632 | D:10     | Reached skill level 13 in Stealth
  9635 | D:10     | Reached skill level 5 in Fighting
  9890 | D:10     | Noticed Harold
  9896 | D:10     | Killed Harold
  9896 | D:10     | Reached **** piety under Wu Jian
 10631 | D:11     | Noticed a two-headed ogre
 10651 | D:11     | Killed a two-headed ogre
 10764 | D:11     | Noticed a four-headed hydra
 10774 | D:11     | Killed a four-headed hydra
 10817 | D:11     | Reached skill level 14 in Stealth
 11068 | D:11     | Noticed a centaur warrior
 11069 | D:11     | Noticed a death knight
 11255 | D:11     | Found a staircase to the Orcish Mines.
 11364 | D:11     | Noticed a two-headed ogre
 11380 | D:11     | Killed a two-headed ogre
 11453 | D:11     | Identified the ring "Jietuuve" {Will+ Int+4}
 11455 | D:11     | Noticed a deep elf pyromancer
 11459 | D:11     | Killed a deep elf pyromancer
 11479 | D:11     | Killed a centaur warrior
 11766 | D:11     | Reached XP level 12. HP: 69/69 MP: 18/21
 11776 | D:11     | Killed a death knight
 11859 | D:11     | Upgraded the game from 0.29-a0-563-g64e4043184 to
                  | 0.29-a0-575-g0dc89cf053
 11860 | D:12     | Noticed Azrael
 11863 | D:12     | Noticed Erolcha
 12002 | Lair:1   | Entered Level 1 of the Lair of Beasts
 12020 | Lair:1   | Learned a level 5 spell: Summon Mana Viper
 12228 | Lair:1   | Noticed a seven-headed hydra
 12241 | Lair:1   | Killed a seven-headed hydra
 13584 | Lair:2   | Reached skill level 15 in Stealth
 13853 | Lair:2   | Noticed an eight-headed hydra
 13858 | Lair:2   | Killed an eight-headed hydra
 13858 | Lair:2   | Reached ***** piety under Wu Jian
 14693 | Lair:3   | Noticed a seven-headed hydra
 14699 | Lair:3   | Killed a seven-headed hydra
 14700 | Lair:3   | Reached skill level 5 in Armour
 14864 | Lair:4   | Found a staircase to the Swamp.
 15196 | Lair:4   | Reached skill level 16 in Stealth
 15204 | Lair:4   | Found a snail-covered altar of Cheibriados.
 15206 | Lair:4   | Reached XP level 13. HP: 75/75 MP: 23/23
 15248 | Lair:4   | Found a hole to the Spider Nest.
 15293 | Lair:4   | Noticed Nessos
 15299 | Lair:4   | Killed Nessos
 15300 | Lair:4   | Reached skill level 15 in Hexes
 15414 | Lair:4   | Quit the game

Illustrated notes

Levels and vault maps discovered:
D:1:      ncdulo_lavacross, layout_basic, serial_rivers,
          chequers_serial_rivers_marsh, chequers_serial_rivers_micro_c,
          chequers_serial_rivers_large_a, chequers_serial_rivers_small_a,
          chequers_serial_rivers_micro_e, chequers_serial_rivers_room_b,
          ebering_ecumenical_altar_box, serial_bayou_ford_a
D:2:      layout_loops_ring, minmay_surrounded
D:3:      layout_loops_ring, item_on_display_b, uniq_jessica, uniq_grinder
D:4:      layout_rooms, uniq_menkaure
D:5:      layout_loops_corners, minmay_temple_entry_large_hall, minivault_27,
          chequers_decorated_corner
D:6:      layout_basic, mainiacjoe_overflow_cross_hatched, serial_shops,
          nicolae_take_the_stairs, hangedman_decor_growths
D:7:      cheibrodos_helix_gallery, layout_basic
D:8:      layout_loops_cross, gup_ossuary_entry_pyramid
D:9:      layout_irregular_city, due_lair_maze_entry_diamond,
          minmay_fire_ice_demons
D:10:     layout_stronghold, uniq_harold
D:11:     layout_basic, david_orc_4, grunt_tough_drop
D:12:     layout_cave_pools, due_unseen_surprise, uniq_urug, uniq_azrael,
          uniq_erolcha
Temple:   dpeg_three_leaves_temple
Lair:1:   layout_layer_cave
Lair:2:   layout_chaotic_city, beast_lair_carwin_8, lemuel_fruit_fields,
          grunt_megastairs_3, infiniplex_staircase_pool_2, lemuel_fruit_tree
Lair:3:   layout_concentric_octagons
Lair:4:   layout_gridlike, swamp_mist_pool, spider_nest_entry_web_field,
          kennysheep_snail_temple, serial_bayou_shore_a, uniq_nessos

Skill      XL: |  1  2  3  4  5  6  7  8  9 10 11 12 13 |
---------------+----------------------------------------+-----
Stealth        | 5 6 7 8 9 11 12 14 16 | 16.3
Hexes          | 5 6 7 9 10 11 13 14 15 | 15.2
Fighting       | 1 2 3 4 5 6 |  6.6
Short Blades   | 2 3 4 5 6 7 8 |  8.1
Dodging        | 3 4 5 6 7 8 |  8.3
Ice Magic      | 1 2 3 4 5 6 7 |  7.2
Spellcasting   | 3 4 5 6 7 |  7.0
Armour         | 2 3 4 5 |  5.0
Summonings     | |  0.7
Translocations | |  0.5
Evocations     | |  0.9

Action                   |  1- 3 |  4- 6 |  7- 9 | 10-12 | 13-15 || total
-------------------------+-------+-------+-------+-------+-------++-------
Melee: Dagger            |    96 |    47 |   179 |       |       ||   322
       Bite              |    11 |     5 |     9 |    22 |     4 ||    51
       Short sword       |       |       |    41 |   258 |    24 ||   323
 Cast: Ensorcelled Hiber |    21 |    13 |    55 |    65 |     3 ||   157
       Confusing Touch   |       |     3 |     9 |    11 |       ||    23
       Frozen Ramparts   |       |       |     7 |    13 |     1 ||    21
       Tukima's Dance    |       |       |     1 |     8 |       ||     9
       Summon Mana Viper |       |       |       |     5 |     2 ||     7
Invok: Lunge             |       |       |    55 |    62 |     5 ||   122
       Whirlwind         |       |       |    19 |    26 |     2 ||    47
       Serpent's Lash    |       |       |       |     2 |       ||     2
 Abil: Exsanguinate      |     1 |       |       |       |       ||     1
       Wall Jump         |       |       |     1 |     1 |       ||     2
  Use: Scroll            |       |       |       |     9 |       ||     9
 Stab: Sleeping          |    25 |    24 |    80 |   101 |     7 ||   237
       Confused          |       |     3 |     5 |     8 |       ||    16
       Distracted        |       |       |       |       |     1 ||     1
Armor: Robe              |    31 |     4 |    13 |       |       ||    48
       Troll leather arm |       |       |    12 |       |       ||    12
       Leather armour    |       |       |    18 |    83 |     4 ||   105
Dodge: Dodged            |    67 |    15 |    87 |   156 |     5 ||   330

Table legend: (Time is in decaauts)
 A = Elapsed time spent in this place.
 B = Non-inter-level travel time spent in this place.
 C = Inter-level travel time spent in this place.
 D = Time resting spent in this place.
 E = Time spent auto-exploring this place.
 F = Levels seen in this place.
 G = Mean time per level.
                   A        B        C        D        E       F      G
               +--------+--------+--------+--------+--------+-----+--------+
         Total |  15407 |  14243 |   1164 |    674 |  10899 |  18 |  855.9 |
       Dungeon |  11654 |  10754 |    900 |    419 |   8372 |  12 |  971.2 |
        Temple |     80 |     64 |     16 |      0 |     55 |   1 |   80.0 |
          Lair |   3418 |   3170 |    248 |    195 |   2472 |   4 |  854.5 |
       Ossuary |    254 |    254 |      0 |     60 |      0 |   1 |  254.0 |
               +--------+--------+--------+--------+--------+-----+--------+

Top non-repeatable levels by time:
    D:11: 1524 daAuts
  Lair:1: 1394 daAuts
     D:9: 1269 daAuts
     D:7: 1179 daAuts
    D:10: 1128 daAuts
     D:6: 1096 daAuts
     D:5: 1090 daAuts
     D:2: 1034 daAuts
     D:1: 985 daAuts
     D:8: 946 daAuts
  Lair:2: 773 daAuts
     D:3: 768 daAuts
  Lair:3: 639 daAuts
     D:4: 626 daAuts
  Lair:4: 610 daAuts
